[Event "*** Titled Tuesday Blitz"]
[Site "Chess.com"]
[Date "2019.11.05"]
[Round "3"]
[White "platy3"]
[Black "Last7Samurai"]
[Result "1/2-1/2"]
[WhiteElo "2899"]
[BlackElo "2707"]
[TimeControl "180+2"]
[EndTime "13:38:37 PST"]
[Termination "Game drawn by agreement"]

1. e4 e6 2. d4 d5 3. Nd2 c5 4.
Ngf3 Nf6 5. exd5 exd5 6. Bb5+ Bd7 7. Bxd7+ Nbxd7 8. O-O Be7 9. dxc5 Nxc5 10. Nb3 Nce4 11.
Nfd4 Qd7 12. f3 Nd6 13. Re1 O-O 14. Qd3 Rac8 15. c3 Rfe8 16. Bg5 Bd8 17. Bh4 a6 18. Rxe8+ Nfxe8 19. Bxd8 Rxd8 20. Re1 Nf6 21. Nd2 Re8 22.
Rxe8+ Qxe8 23. Qe2 Qd7 24. Qe5 Nde8 25. N2b3 b6 26. Qe2 a5 27. Nc1 Nd6 28. Nd3 Qe8 29. Ne5 g6 30. g4 Kg7 31. Kg2 Nfe4 32. Nd3 Nf6 33. Nf4 Qxe2+ 34. Ndxe2 g5 35. Nd3 Nd7 36. Kf2 Kf6 37. Nd4 Ne5 38. Ne1 Nec4 39. b3 Ne5 40. Ke2 Ng6 41. Ng2 Ke5 42. Nc6+ Ke6 43. Ke3 f5 44. h3 f4+ 45. Kd2 Ne5 46. Nd4+ Kf6 47. Ne1 Nb7 48. Nd3 Nxd3 49. Kxd3 Nc5+ 50. Kd2 Nd7 51. Nc6 Ke6 52. Kd3 Kd6 53. Nd4 Ne5+ 54. Ke2 Ke7 55. Kd2 Kd6 56. Ke2 Ke7 57. Kd2 1/2-1/2

[Event "*** Titled Tuesday Blitz"]
[Site "Chess.com"]
[Date "2019.11.05"]
[Round "3"]
[White "moro182"]
[Black "Alexander_Zubov"]
[Result "0-1"]
[WhiteElo "2718"]
[BlackElo "2954"]
[TimeControl "180+2"]
[EndTime "13:38:40 PST"]
[Termination "Alexander_Zubov won by resignation"]

1. d4 Nf6 2. c4 g6 3. g3 Bg7 4.
Bg2 d5 5. cxd5 Nxd5 6. Nf3 O-O 7. O-O Nc6 8. Nc3 e5 9. Bg5 f6 10. Bc1 Nxc3 11. bxc3 e4 12. Nd2 f5 13. Rb1 Kh8 14.
Qb3 b6 15. e3 Na5 16. Qc2 Ba6 17.
c4 Qe7 18. Bb2 Rac8 19. Rfc1 c5 20. d5 g5 21. g4 fxg4 22. Qxe4 Qxe4 23. Bxe4 Rce8 24.
Bd3 Bxb2 25. Rxb2 Kg7 26. Kg2 h5 27. Rbc2 Kh6 28. Nf1 h4 29. Be2 Bc8 30. Bd3 Rf6 31. e4 Nb7 32. Re1 Re5 33. a4 Bd7 34. Ra2 Rf3 35. Ne3 Rf4 36. Rb1 Na5 37. Nd1 Kg7 38.
Ne3 Kf8 39. Rg1 Ke7 40. Kf1 Kd6 41. Ke1 Kc7 42. Kd1 Nb7 43. Ke2 a5 44. Rb1 Rf6 45. Bc2 Nd6 46. Rab2 Nxe4 47. Bxe4 Rxe4 48. d6+ Rxd6 49.
Kf1 Be6 50. Kg2 Bxc4 0-1

[Event "*** Titled Tuesday Blitz"]
[Site "Chess.com"]
[Date "2019.11.05"]
[Round "3"]
[White "FedaMaster"]
[Black "hypert"]
[Result "0-1"]
[WhiteElo "2635"]
[BlackElo "2456"]
[TimeControl "180+2"]
[EndTime "13:38:41 PST"]
[Termination "hypert won by resignation"]

1. e4 c5 2. Nf3 Nc6 3. d4 cxd4 4. Nxd4 Nf6 5. Nc3 d6 6. Bg5 e6 7. Qd3 h6 8. Bh4 a6 9. O-O-O Ne5 10. Qh3 Bd7 11.
f4 Ng6 12. f5 e5 13. Ne6 fxe6 14. fxg6 Be7 15. Bc4 d5 16. Bb3 b5 17. Bxf6 Bxf6 18. exd5 exd5 19. Qd3 d4 20. Nd5 Bg5+ 21. Kb1 Be6 22.
Qe4 O-O 23. Qxe5 Re8 24. Qxd4 Rb8 25. Nb4 Qxd4 26. Rxd4 Bxb3 27. axb3 a5 28. Nc6 Rbc8 29. Nxa5 Re2 30. c4 Bf6 31. Rd3 Rxb2+ 32. Kc1 Ra2 33.
Rhd1 Rxa5 34. Kb1 bxc4 35. bxc4 Rb8+ 36. Kc1 Ra1+ 37. Kd2 Rb2+ 38. Ke3 Rxd1 39. Rxd1 Rxg2 40. Rd7 Rxg6 41. c5 Rg2 42. Kd3 Rxh2 43. c6 Rh3+ 44. Kd2 Rc3 45. c7 Kh7 46. Rf7 Rc6 47.
Kd3 Be5 48. Ke4 Rxc7 49. Kd5 Rxf7 0-1

[Event "*** Titled Tuesday Blitz"]
[Site "Chess.com"]
[Date "2019.11.05"]
[Round "3"]
[White "SONOFHOLYGOD"]
[Black "DishonorOnYourCow"]
[Result "0-1"]
[WhiteElo "2493"]
[BlackElo "2237"]
[TimeControl "180+2"]
[EndTime "13:38:41 PST"]
[Termination "DishonorOnYourCow won by resignation"]

1. d4 Nf6 2. c4 g6 3. Nc3 d5 4. Nf3 Bg7 5. Qb3 dxc4 6. Qxc4 O-O 7. e4 Na6 8. Bg5 c5 9. d5 Qa5 10. Be2 Nxe4 11. Qxe4 Bxc3+ 12. Bd2 Bxd2+ 13. Nxd2 Bf5 14. Qc4 Nb4 15. O-O Rad8 16. Nb3 Qb6 17. Nxc5 Nxd5 18.
Bf3 Rc8 19. Qxd5 Rxc5 20. Qd4 Rc2 21. Qxb6 axb6 22. b3 Ra8 23. a4 Be6 24. Rfb1 Rc3 25.
b4 Bd7 26. Rd1 Rxa4 27. Rxa4 Bxa4 28. Rd8+ Kg7 29. h4 Bc6 30. Bg4 h5 31. Be2 Rb3 32. b5 Bxb5 33. Bxb5 Rxb5 34. Rd7 Rb1+ 35. Kh2 Kf6 36. Rxb7 b5 37. f3 b4 38. Kg3 b3 39.
Kf4 Rb2 40. Rb6+ e6 41. g4 hxg4 42. Kxg4 Rg2+ 43. Kf4 b2 44. Ke3 Kg7 45. Kf4 Kh6 46.
Rb5 f6 47. Ke3 e5 48. Rb6 Kh5 49. f4 exf4+ 50. Kxf4 Kxh4 51. Rb8 g5+ 52. Kf3 Rg3+ 53. Kf2 Rh3 54. Kg2 Rg3+ 55. Kf2 Rc3 56. Rxb2 f5 57. Kg2 f4 58. Rb8 Rc2+ 59. Kf3 Rc3+ 60. Ke4 Re3+ 61. Kf5 f3 62. Rb1 f2 63. Rf1 Kg3 64. Kxg5 Kg2 65. Ra1 f1=Q 66. Ra4 Rg3+ 67. Rg4 Qb5+ 68. Kf6 Rxg4 0-1

[Event "*** Titled Tuesday Blitz"]
[Site "Chess.com"]
[Date "2019.11.05"]
[Round "3"]
[White "MITerryble"]
[Black "temus_galaktionov"]
[Result "1-0"]
[WhiteElo "2877"]
[BlackElo "2687"]
[TimeControl "180+2"]
[EndTime "13:38:42 PST"]
[Termination "MITerryble won by resignation"]

1. d4 c6 2. Nf3 g6 3. c4 Bg7 4.
Nc3 d6 5. g3 Nd7 6. Bg2 Ngf6 7.
O-O O-O 8. e4 e5 9. h3 Qe7 10.
Re1 b6 11. b3 Bb7 12. Ba3 c5 13. dxe5 Nxe5 14. Nxe5 Qxe5 15. Bb2 Rad8 16. Qd2 Qe7 17. Rad1 Rfe8 18. Nb5 Rd7 19. g4 a6 20. Nc3 Rdd8 21.
f4 Qc7 22. a4 Bc6 23. Bf3 Qb7 24. Qg2 Re7 25. Nd5 Nxd5 26. cxd5 Be8 27. Bxg7 Kxg7 28.
e5 Qc7 29. e6 b5 30. axb5 axb5 31. Qb2+ Kg8 32. f5 fxe6 33. f6 e5 34. fxe7 Qxe7 35.
Be4 Rc8 36. Rf1 c4 37. Rc1 Bd7 38. bxc4 bxc4 39. Qf2 Kg7 40. Rc3 Bb5 41. Rf3 Be8 42. Rf6 c3 43. Re6 Qf7 44. Qxf7+ Bxf7 45. Re7 Rf8 46. Rc7 Kg8 47. Rxc3 1-0

[Event "*** Titled Tuesday Blitz"]
[Site "Chess.com"]
[Date "2019.11.05"]
[Round "3"]
[White "snowlord"]
[Black "Nazar-Nazar"]
[Result "1/2-1/2"]
[WhiteElo "2728"]
[BlackElo "2498"]
[TimeControl "180+2"]
[EndTime "13:38:44 PST"]
[Termination "Game drawn by repetition"]

1. Nf3 Nf6 2. g3 d5 3. Bg2 e6 4. c4 Be7 5. b3 c5 6. O-O O-O 7. cxd5 Nxd5 8. Bb2 Nc6 9. Nc3 Bf6 10. Qc1 Nxc3 11.
dxc3 Qc7 12. Ng5 b6 13. Be4 g6 14. c4 Bxb2 15. Qxb2 Bb7 16. Rad1 Rad8 17. e3 Qe7 18. h4 h6 19. Nf3 Rxd1 20. Rxd1 Rd8 21. Rd2 Rxd2 22. Qxd2 Nb4 23. Bxb7 Qxb7 24. Ne5 Qc7 25. Ng4 h5 26. Nf6+ Kf8 27. Qb2 Nc6 28. Ne4 Qe5 29. Qb1 Ke7 30. Ng5 Nb4 31. Kg2 Nc6 32.
Qd3 Qf5 33. Qe2 Ne5 34. e4 Qf6 35. f3 Nc6 36. f4 Qd4 37. Qf3 Nb4 38. f5 Qd2+ 39.
Kh3 Nd3 40. f6+ Ke8 41. Qg2 Nf2+ 42. Kh2 Ng4+ 43. Kh3 Nf2+ 44. Kh2 Ng4+ 45. Kh3 Nf2+ 1/2-1/2

[Event "*** Titled Tuesday Blitz"]
[Site "Chess.com"]
[Date "2019.11.05"]
[Round "3"]
[White "Hadza_3"]
[Black "RitvarsReimanis"]
[Result "0-1"]
[WhiteElo "2387"]
[BlackElo "2607"]
[TimeControl "180+2"]
[EndTime "13:38:44 PST"]
[Termination "RitvarsReimanis won by resignation"]

1. e4 c5 2. Nc3 Nc6 3. f4 d6 4. Bc4 e6 5. d3 Na5 6. Bb5+ Bd7 7. Bxd7+ Qxd7 8. Nf3 Nf6 9. O-O Be7 10. Qe1 Nc6 11.
Qg3 g6 12. Bd2 h5 13. Rae1 h4 14. Qh3 O-O-O 15. Ng5 Rdf8 16. f5 gxf5 17. exf5 e5 18. Nce4 Nxe4 19. dxe4 Bxg5 20. Bxg5 f6 21. Bxh4 d5 22.
Rd1 d4 23. g3 Rfg8 24. Kh1 Qf7 25. Rfe1 Qxa2 26. Qf1 Rf8 27. Qd3 c4 28. Qa3 Qxa3 29. bxa3 b5 30. Kg2 Rh7 31. Kf3 Kc7 32. Rb1 a6 33.
Ra1 Kd6 34. Reb1 Kc5 35. h3 Rh6 36. Rg1 Rd8 37. Rad1 Ra8 38. Rb1 a5 39. Rgd1 b4 40.
axb4+ axb4 41. Ra1 Rxa1 42. Rxa1 d3 43. cxd3 c3 44.
Ke2 b3 45. Kd1 b2 46. Rb1 Nd4 47. Rc1 bxc1=Q+ 48. Kxc1 Nf3 49. Bxf6 Rxf6 50. g4 Kd4 51. h4 Kxd3 52. g5 Ra6 0-1

[Event "*** Titled Tuesday Blitz"]
[Site "Chess.com"]
[Date "2019.11.05"]
[Round "3"]
[White "Godzillator"]
[Black "Witik"]
[Result "0-1"]
[WhiteElo "2300"]
[BlackElo "2572"]
[TimeControl "180+2"]
[EndTime "13:38:44 PST"]
[Termination "Witik won by checkmate"]

1. d4 Nf6 2. c4 g6 3. Nc3 Bg7 4.
e4 d6 5. Be2 O-O 6. Bg5 Na6 7.
f4 Qe8 8. Nf3 Bg4 9. O-O Nd7 10.
Qb3 Bxf3 11. Rxf3 Bxd4+ 12. Kh1 Nac5 13. Qc2 c6 14. e5 dxe5 15. Bh6 f5 16. Bxf8 Qxf8 17.
fxe5 Nxe5 18. Rf4 Be3 19. Rff1 Qh6 20. b4 Ne6 21. Rae1 Bf4 22. h3 Qh4 23. Rd1 Qg3 24. Rxf4 Nxf4 25. Bf1 Qe3 26. c5 Nh5 27. Kh2 Qf4+ 28.
Kg1 Qxb4 29. Ne2 Qc4 30. Qxc4+ Nxc4 31. Rd7 b6 32. Nd4 Ne5 33. Rxe7 bxc5 34. Ne6 Nf6 35. Ng5 Re8 36. Rxa7 h6 37. Nf3 Ne4 38. Nxe5 Rxe5 39. Bc4+ Kf8 40. a4 Nd2 41. Bf7 c4 42. a5 c3 43. Rc7 Rc5 44. a6 c2 45. a7 c1=Q+ 46.
Kh2 Nf3+ 47. Kg3 Qe1+ 48. Kxf3 Rc3+ 49. Kf4 Qe3# 0-1

[Event "*** Titled Tuesday Blitz"]
[Site "Chess.com"]
[Date "2019.11.05"]
[Round "3"]
[White "Drags95"]
[Black "nihalsarin"]
[Result "1/2-1/2"]
[WhiteElo "2780"]
[BlackElo "3000"]
[TimeControl "180+2"]
[EndTime "13:38:48 PST"]
[Termination "Game drawn by repetition"]

1. d4 Nf6 2. c4 e6 3. Nf3 d5 4. Nc3 Bb4 5. Bg5 dxc4 6. Qa4+ Nc6 7. a3 Bxc3+ 8. bxc3 h6 9. Bxf6 Qxf6 10. e3 O-O 11. Bxc4 Bd7 12. Qc2 Na5 13. Bd3 c5 14.
O-O Rac8 15. Qb2 Rfd8 16. Ne5 b6 17. f4 Ba4 18. f5 Qg5 19. Kh1 f6 20. Nf3 Qxe3 21.
Ba6 cxd4 22. Bxc8 Rxc8 23. cxd4 exf5 24. Rfe1 Qd3 25. Rac1 Rxc1 26. Qxc1 Bc6 27. Nh4 Qxd4 28. Nxf5 Bxg2+ 29. Kxg2 Qd5+ 30. Kg3 Qxf5 31. Qf4 Qd3+ 32. Re3 Qd7 33. Qg4 Qd6+ 34. Qf4 Qd7 35. Qg4 Qc7+ 36. Kh3 Qf7 37. Qc8+ Kh7 38. Qf5+ Kg8 39. Rc3 g5 40. Rc8+ Kg7 41. Qc2 Qh5+ 42. Kg2 Qg4+ 43. Kf2 Qf4+ 44. Kg2 Qg4+ 45. Kf2 Qf4+ 46. Kg2 Qg4+ 1/2-1/2

[Event "*** Titled Tuesday Blitz"]
[Site "Chess.com"]
[Date "2019.11.05"]
[Round "3"]
[White "joshdaruca"]
[Black "Oligan22"]
[Result "1-0"]
[WhiteElo "2689"]
[BlackElo "2465"]
[TimeControl "180+2"]
[EndTime "13:38:48 PST"]
[Termination "joshdaruca won by resignation"]

1. Nf3 d5 2. g3 Nf6 3. Bg2 e6 4. c4 Be7 5. O-O O-O 6. b3 d4 7. e3 c5 8. exd4 cxd4 9. d3 Nc6 10. Na3 Ne8 11. Nc2 e5 12. b4 f6 13. a3 a6 14. Re1 Nc7 15. Nd2 Bd7 16. Rb1 b5 17.
Rf1 Rb8 18. f4 a5 19. fxe5 fxe5 20. Rxf8+ Qxf8 21. bxa5 Nxa5 22. Qe2 Bf6 23. cxb5 Nxb5 24. Ne4 Rc8 25. Nb4 Be6 26. Bb2 Nb3 27. Rf1 Nc3 28.
Qh5 Nxe4 29. Bxe4 g6 30. Bxg6 Qg7 31. Be4 Nd2 32. Bf5 Bf7 33. Qxh7+ Qxh7 34. Bxh7+ Kg7 35.
Rf2 Nb3 36. Bf5 Rc7 37. h4 Nc5 38. Kh2 Na4 39. Be4 Nxb2 40. Rxb2 Bh5 41. Nd5 Ra7 42.
Nxf6 Kxf6 43. Ra2 Bf7 44. Ra1 Rc7 45. g4 Be6 46. Kg3 1-0

[Event "*** Titled Tuesday Blitz"]
[Site "Chess.com"]
[Date "2019.11.05"]
[Round "3"]
[White "1995Tiger"]
[Black "Rodalquilar"]
[Result "1-0"]
[WhiteElo "2089"]
[BlackElo "2629"]
[TimeControl "180+2"]
[EndTime "13:38:49 PST"]
[Termination "1995Tiger won by checkmate"]

1. d4 d6 2. Nf3 f5 3. g3 Nf6 4.
Bg2 g6 5. O-O Bg7 6. c4 O-O 7.
Nc3 Nc6 8. d5 Na5 9. Qa4 c5 10.
dxc6 Nxc6 11. Rd1 Kh8 12. c5 d5 13. Bf4 Be6 14. Ne5 Qc8 15. Rac1 Bg8 16. Nxc6 bxc6 17.
Be5 Nd7 18. Bxg7+ Kxg7 19. b4 a6 20. Qc2 e5 21. a4 e4 22. b5 axb5 23. axb5 Ra5 24.
Nxe4 Rxb5 25. Qc3+ Kh6 26. Nd6 Qb8 27. Nxb5 Qxb5 28. e3 Re8 29. Rd4 g5 30. g4 fxg4 31. Rxg4 Ne5 32. Rg3 Bf7 33. e4 dxe4 34. Qe3 Rg8 35. h4 Kg7 36. Qxg5+ Ng6 37. h5 Qb2 38. hxg6 hxg6 39. Rd1 e3 40. Qxe3 Qc2 41. Qd4+ Kf8 42. Rc3 Qf5 43. Rf3 Qc2 44. Qd6+ Kg7 45. Qf6+ Kh6 46. Rh3# 1-0

[Event "*** Titled Tuesday Blitz"]
[Site "Chess.com"]
[Date "2019.11.05"]
[Round "3"]
[White "Alopekos"]
[Black "Taron_Shagbazyan"]
[Result "1-0"]
[WhiteElo "2486"]
[BlackElo "2700"]
[TimeControl "180+2"]
[EndTime "13:38:51 PST"]
[Termination "Alopekos won by resignation"]

1. e4 e5 2. Nf3 Nc6 3. Bb5 a6 4. Ba4 Nf6 5. O-O b5 6. Bb3 Bb7 7. a4 Be7 8. axb5 axb5 9. Rxa8 Qxa8 10. Nc3 b4 11. Nd5 Nxd5 12. Bxd5 d6 13. c3 O-O 14.
d4 bxc3 15. bxc3 exd4 16. cxd4 Na5 17. Bxb7 Qxb7 18. Re1 c5 19. e5 c4 20. Ba3 dxe5 21.
Bxe7 Qxe7 22. Nxe5 Qb4 23. Qe2 c3 24. Nd7 g6 25. Nxf8 Kxf8 26. Qe8+ Kg7 27. Qe5+ Kg8 28. Qe8+ Kg7 29. Qe5+ Kg8 30. Qc5 Qxc5 31. dxc5 Kf8 32. Rc1 Ke7 33. Rxc3 Nc6 34. Rd3 Ne5 35. Re3 Kf6 36.
f4 Nc6 37. Rd3 Ke7 38. Kf2 Nb4 39. Rd6 Na2 40. Rd4 Nc3 41. Rc4 Nb5 42. Kf3 Ke6 43. Rc1 Kd5 44. c6 Nd4+ 45. Kg4 Nxc6 46. Kg5 Nd4 47.
Kf6 Ne2 48. Rf1 Ke4 49. g3 Nd4 50. Kxf7 Nf3 51. Rxf3 Kxf3 52. Kg7 g5 53. fxg5 Kg4 54. Kxh7 Kxg5 55. Kg7 Kg4 56. Kf6 Kh3 57. Kf5 Kxh2 58. g4 1-0

[Event "*** Titled Tuesday Blitz"]
[Site "Chess.com"]
[Date "2019.11.05"]
[Round "3"]
[White "Vamostodorecto"]
[Black "RoelandPruijssers"]
[Result "0-1"]
[WhiteElo "2437"]
[BlackElo "2643"]
[TimeControl "180+2"]
[EndTime "13:38:54 PST"]
[Termination "RoelandPruijssers won by checkmate"]

1. d4 f5 2. e4 fxe4 3. Nc3 Nf6 4. Bg5 g6 5. h4 d5 6. h5 Bf5 7.
Bxf6 exf6 8. g4 Be6 9. hxg6 Qd7 10. g5 fxg5 11. Qh5 Qg7 12. O-O-O Nd7 13. Bh3 hxg6 14. Qxg5 Rh5 15. Qg2 O-O-O 16. Bxe6 Qh6+ 17. Kb1 Rxh1 18. Bxd5 Nf6 19. Be6+ Kb8 20. Nxe4 Rh2 21.
Qf3 Nxe4 22. Qxe4 Rxf2 23. Nf3 Qh5 24. Bg4 Qb5 25. Ne5 Rf1 26. c4 Rxd1+ 27. Bxd1 Qb4 28.
Bf3 c6 29. a3 Qb6 30. Nxg6 Bxa3 31. Qf4+ Ka8 32. Qd2 Rxd4 33. Qc3 Bb4 34. Qc2 Rd2 35. Qe4 a5 36. Qe8+ Ka7 37. c5 Bxc5 38. Qh8 Bd4 39.
Ne7 Qxb2# 0-1

[Event "*** Titled Tuesday Blitz"]
[Site "Chess.com"]
[Date "2019.11.05"]
[Round "3"]
[White "Msb2"]
[Black "Crazy_girl99"]
[Result "1-0"]
[WhiteElo "2840"]
[BlackElo "2495"]
[TimeControl "180+2"]
[EndTime "13:38:55 PST"]
[Termination "Msb2 won by resignation"]

1. d4 e6 2. c4 b6 3. Nf3 Bb7 4. g3 f5 5. Bg2 Nf6 6. O-O Be7 7. Nc3 O-O 8. d5 Na6 9. Nd4 Nc5 10. Qc2 Qc8 11. b4 Na6 12. a3 g6 13.
f4 c5 14. dxc6 dxc6 15. Nf3 c5 16. b5 Nb8 17. Bb2 Ng4 18. Nd1 Bf6 19. Bxf6 Nxf6 20. Nf2 Nbd7 21. Rad1 Ne4 22. Nd3 Ndf6 23. Nfe5 Qc7 24.
Nc1 Rad8 25. Rd3 Rd6 26. Rxd6 Qxd6 27. Rd1 Qc7 28. Qd3 Bc8 29. Nb3 Bb7 30. a4 a6 31. Nd7 Nxd7 32. Qxd7 Qxd7 33. Rxd7 Bc8 34. Rc7 axb5 35. axb5 Rd8 36. Bxe4 fxe4 37. Kf2 e5 38.
Rc6 exf4 39. gxf4 Re8 40. Rxb6 e3+ 41. Kf3 Be6 42. Rxe6 Rxe6 43. Nxc5 Rd6 44. Kxe3 Kf7 45. Ne4 Rd1 46. Nc3 Rc1 47. Kd4 Ke6 48. e4 Rc2 49. h4 Kd6 50. e5+ Ke6 51. Ne4 Kf5 52. b6 Kxf4 53. Nd6 Rd2+ 54. Kc5 Kxe5 55. b7 Rb2 56. Nb5 1-0

[Event "*** Titled Tuesday Blitz"]
[Site "Chess.com"]
[Date "2019.11.05"]
[Round "3"]
[White "Alexander_Donchenko"]
[Black "ValeriyGrinev"]
[Result "0-1"]
[WhiteElo "2761"]
[BlackElo "2564"]
[TimeControl "180+2"]
[EndTime "13:38:56 PST"]
[Termination "ValeriyGrinev won by resignation"]

1. e4 c5 2. Nf3 e6 3. Nc3 a6 4.
Be2 b5 5. O-O Bb7 6. d4 cxd4 7.
Qxd4 Nc6 8. Qd2 Nf6 9. e5 Ng4 10. Qf4 h5 11. h3 Nh6 12. Ne4 Nf5 13. c3 Be7 14. Bd3 Qc7 15. Bd2 Rg8 16. Rfe1 O-O-O 17. Neg5 f6 18. exf6 gxf6 19. Nf7 Rdf8 20. Bxf5 Qxf4 21. Bxf4 Rxf7 22. Rxe6 Rfg7 23. Re2 Rxg2+ 24. Kf1 Ne5 25. Be4 Bxe4 26. Rxe4 Nxf3 27. Rxe7 Rg1+ 28. Ke2 Rxa1 29. Kxf3 Rxa2 30. b4 Rc2 31. Re3 Rg1 32. Rd3 Ra1 33.
Be3 a5 34. bxa5 Rxa5 35. Bd4 f5 36. Re3 Ra3 37. Kg3 Kb7 38. Re5 Kc6 39. Rc5+ Kb6 40. Rxf5+ Ka6 41. Rf3 Ka5 42. Kh4 Ka4 43. Rg3 b4 44. Kxh5 b3 45. Bg7 b2 0-1

[Event "*** Titled Tuesday Blitz"]
[Site "Chess.com"]
[Date "2019.11.05"]
[Round "3"]
[White "anon102030"]
[Black "SanchezKelvin"]
[Result "1-0"]
[WhiteElo "2794"]
[BlackElo "2493"]
[TimeControl "180+2"]
[EndTime "13:38:59 PST"]
[Termination "anon102030 won by resignation"]

1. e4 c5 2. Nc3 Nc6 3. g3 g6 4. Bg2 Bg7 5. d3 d6 6. Be3 e5 7.
f4 Nge7 8. Nf3 O-O 9. fxe5 Nxe5 10. Nxe5 Bxe5 11. O-O Nc6 12. Bh6 Bg7 13. Qd2 Be6 14. Rf2 Qe7 15. Bxg7 Kxg7 16. Raf1 Ne5 17. h3 h6 18. b3 Qg5 19. Qf4 a6 20. Nd1 Qxf4 21. gxf4 Nc6 22. c3 a5 23. Ne3 a4 24. f5 Bd7 25. Nc4 axb3 26. axb3 Ne5 27. Nxd6 Nxd3 28. Rd2 Ne5 29. Rd5 f6 30. Rxc5 Bc6 31. fxg6 Kxg6 32. b4 b6 33. Rxc6 Nxc6 34. e5 Nxe5 35. Be4+ Kg5 36.
Rf5+ Kh4 37. Bxa8 Rxa8 38. Rxf6 Kg3 39. Ne4+ Kxh3 40. Rxh6+ Kg4 41. Kf2 Kf4 42. Rh4+ Ng4+ 43. Ke2 Re8 44. Kd3 Kf3 45. Nd2+ Kf4 46. Rh7 Rd8+ 47.
Kc2 Ne3+ 48. Kc1 b5 49. Rf7+ Ke5 50. Re7+ Kf4 51. Re4+ 1-0

[Event "*** Titled Tuesday Blitz"]
[Site "Chess.com"]
[Date "2019.11.05"]
[Round "3"]
[White "Rhinos1"]
[Black "TregubovP"]
[Result "0-1"]
[WhiteElo "2062"]
[BlackElo "2535"]
[TimeControl "180+2"]
[EndTime "13:39:00 PST"]
[Termination "TregubovP won by resignation"]

1. d4 Nf6 2. Nf3 d5 3. g3 Bf5 4. Bg2 e6 5. O-O c6 6. c4 Nbd7 7. Nc3 h6 8. Nd2 Be7 9. Re1 O-O 10. b3 c5 11. e3 Nb6 12. Bb2 Rc8 13. dxc5 Bxc5 14.
e4 Bg4 15. Ne2 dxc4 16. bxc4 Bb4 17. e5 Qxd2 18. Qxd2 Bxd2 19. Red1 Bb4 20. f3 Nxc4 21. Bd4 Bf5 22. exf6 Rfd8 23. Bxa7 Bd2 24. Nd4 Bd3 25. Bf1 Bxf1 26. Kxf1 Ne3+ 27. Ke2 Nxd1 28. Rxd1 Bc3 29. Nb5 Rxd1 30. Kxd1 Bxf6 31. Be3 Ra8 32. Na7 Kf8 33. Kc2 Ke8 34. Kb3 Kd7 35. Kc4 Be7 36. a4 f5 37. Kb5 Bd8 38. f4 g5 39. Bd4 Bc7 40. Be3 gxf4 41. gxf4 Rg8 42. Bb6 Rg2 43. h3 Rb2+ 0-1

[Event "*** Titled Tuesday Blitz"]
[Site "Chess.com"]
[Date "2019.11.05"]
[Round "3"]
[White "Sjakkerntobi"]
[Black "PowerThinking2650"]
[Result "1-0"]
[WhiteElo "2115"]
[BlackElo "2323"]
[TimeControl "180+2"]
[EndTime "13:39:00 PST"]
[Termination "Sjakkerntobi won on time"]

1. e4 e5 2. Nf3 Nc6 3. Bb5 a6 4. Ba4 Nf6 5. O-O Be7 6. Re1 b5 7.
Bb3 d6 8. c3 O-O 9. h3 Bb7 10.
d3 Na5 11. Bc2 c5 12. Nbd2 Re8 13. Nf1 Bf8 14. Ng3 d5 15. Qe2 d4 16. Bg5 Qb6 17. Nh4 Rac8 18. Nhf5 c4 19. cxd4 exd4 20. Rac1 Re6 21. Bd2 b4 22. dxc4 Nxc4 23. Bb3 Ne5 24. Bxe6 fxe6 25. Rxc8 Bxc8 26. Nh4 Bd7 27. Nf3 Bb5 28. Qd1 Nd3 29. Rf1 Nxb2 30. Qb3 Nc4 31.
Rc1 Nxd2 32. Nxd2 a5 33. e5 Nd5 34. Nge4 Nc3 35. Nxc3 dxc3 36. Ne4 Bd3 37. Ng5 Bf5 38. g4 Be7 39. gxf5 Bxg5 40. Rd1 h6 41. fxe6 Kh7 42.
Qc2+ g6 43. Rd7+ Kg8 44. Qxg6+ 1-0

[Event "*** Titled Tuesday Blitz"]
[Site "Chess.com"]
[Date "2019.11.05"]
[Round "3"]
[White "cool4chess"]
[Black "JSPrepz"]
[Result "0-1"]
[WhiteElo "2549"]
[BlackElo "2830"]
[TimeControl "180+2"]
[EndTime "13:39:05 PST"]
[Termination "JSPrepz won by resignation"]

1. e4 e5 2. Nf3 Nc6 3. Bb5 f5 4. d3 fxe4 5. dxe4 Nf6 6. O-O Bc5 7. Bg5 d6 8. h3 O-O 9. Nc3 Kh8 10. Nd5 a6 11.
Bc4 Na5 12. Bd3 Nc6 13. Bc4 Na5 14. Bd3 c6 15. Nxf6 gxf6 16. Bh6 Rg8 17. Kh2 b5 18. Nh4 Nb7 19. f4 Be6 20. Qf3 Qe7 21. fxe5 fxe5 22.
Qf6+ Qxf6 23. Rxf6 Rae8 24. Raf1 Bb6 25. Nf5 Bd8 26.
Ng7 Rxg7 27. Bxg7+ Kxg7 28. R6f3 Nc5 29. Rg3+ Kh8 30. b3 Bh4 31. Rgf3 Kg7 32. c3 a5 33.
Bc2 b4 34. Rd1 Be7 35. Rg3+ Kh8 36. Rf3 Rd8 37. Rg3 Bf8 38. Rf3 Bh6 39. g3 Bg7 40.
Rf2 d5 41. exd5 cxd5 42. cxb4 axb4 43. Bf5 Rf8 44. g4 Bxf5 45. gxf5 Ne4 46. Rff1 Nc3 47.
Rd3 e4 48. Rg3 Be5 0-1

[Event "*** Titled Tuesday Blitz"]
[Site "Chess.com"]
[Date "2019.11.05"]
[Round "3"]
[White "vlad_Sid"]
[Black "gena217"]
[Result "0-1"]
[WhiteElo "2513"]
[BlackElo "2923"]
[TimeControl "180+2"]
[EndTime "13:39:05 PST"]
[Termination "gena217 won by resignation"]

1. e4 c6 2. d4 d5 3. exd5 cxd5 4. Bd3 Nc6 5. c3 Nf6 6. Bf4 Bg4 7. Qb3 Qd7 8. Nd2 e6 9. Ngf3 Bd6 10. Bxd6 Qxd6 11. O-O O-O 12. Rfe1 Qc7 13. Qc2 Bh5 14.
Ne5 Nxe5 15. Rxe5 Bg6 16. Bxg6 hxg6 17. h3 b5 18. Qd3 Rab8 19. b4 a5 20. a3 Rfc8 21. Re3 a4 22. g3 Ne8 23. Rae1 Nd6 24. h4 Nf5 25. Rf3 Rb6 26. Rc1 Rc6 27. Nb1 Rc4 28.
Rd1 Nd6 29. Kg2 Ne4 30. Rc1 e5 31. dxe5 Qxe5 32. Rd1 Nf6 33. Re3 Qc7 34. Rc1 d4 35. Rf3 Nd5 36. Qe2 Nxc3 37. Nxc3 dxc3 38. Rc2 Qc6 39.
Kh2 Re8 40. Qd3 Rc8 41. Qe3 Qd5 42. Kg2 Qd1 43. Qe7 R4c7 44. Qe4 Rc4 45. Qe7 Qd5 46. Qe3 R4c7 47. Rc1 c2 48. Qb6 Rc3 0-1

[Event "*** Titled Tuesday Blitz"]
[Site "Chess.com"]
[Date "2019.11.05"]
[Round "3"]
[White "becemix"]
[Black "kinga2008"]
[Result "0-1"]
[WhiteElo "2510"]
[BlackElo "1936"]
[TimeControl "180+2"]
[EndTime "13:39:05 PST"]
[Termination "kinga2008 won on time"]

1. e4 c5 2. d4 cxd4 3. c3 dxc3 4. Nxc3 Nc6 5. Nf3 e6 6. Bf4 a6 7. e5 Nge7 8. Bd3 b5 9. O-O Bb7 10. a3 Ng6 11. Bg3 Be7 12. Re1 O-O 13. h4 f6 14.
exf6 Bxf6 15. h5 Nh4 16. Nxh4 Bxh4 17. Qg4 Bxg3 18. Qxg3 Qf6 19. Ne4 Qxb2 20. Ng5 h6 21. Nh3 Qf6 22. Rad1 Nd4 23. Bg6 Rad8 24. Rd3 Nf5 25.
Qc7 Bc6 26. Red1 Nh4 27. Rg3 Bxg2 28. Rxg2 Nxg2 29. Rd4 Qxd4 30. Kxg2 Qd5+ 31. Kh2 Rc8 32. Qg3 Rf3 33. Qg2 Qe5+ 34. Kh1 Rc1+ 35. Ng1 Qf4 36. Qh2 Qxh2+ 0-1

[Event "*** Titled Tuesday Blitz"]
[Site "Chess.com"]
[Date "2019.11.05"]
[Round "3"]
[White "NTBT_DHS"]
[Black "PotapovaM"]
[Result "1/2-1/2"]
[WhiteElo "2655"]
[BlackElo "2449"]
[TimeControl "180+2"]
[EndTime "13:39:07 PST"]
[Termination "Game drawn by repetition"]

1. d4 Nf6 2. c4 e6 3. Nf3 d5 4. g3 dxc4 5. Bg2 Bb4+ 6. Bd2 c5 7.
O-O O-O 8. Qc2 Bxd2 9. Nbxd2 cxd4 10. Nxc4 d3 11. exd3 Nc6 12. Nfe5 Bd7 13. Nxc6 Bxc6 14.
Bxc6 bxc6 15. Ne5 Qd6 16. Rfe1 c5 17. Rac1 Rfc8 18. b4 Nd7 19. Nxd7 Qxd7 20. bxc5 Qd5 21. Qc4 Qf3 22. Re3 Qf5 23. c6 Rc7 24. d4 Rac8 25. Re5 Rxc6 26. Qxc6 Rxc6 27. Rxc6 Qb1+ 28.
Kg2 g6 29. Rc7 Qxa2 30. d5 exd5 31. Ree7 d4 32. Rxa7 Qd5+ 33. f3 Qc4 34. Rac7 Qa2+ 35. Kh3 d3 36. Rcd7 d2 37. Re2 d1=Q 38. Re8+ Kg7 39.
Rxd1 Qf2 40. f4 Qf3 41. Rde1 h5 42. R8e3 Qg4+ 43. Kg2 h4 44. Rf1 h3+ 45. Kf2 Qc8 46. Re2 Qc5+ 47. Kf3 Qc6+ 48. Kg4 Qc8+ 49. f5 Qc4+ 50. Kf3 Qd3+ 51. Kf2 Qxf5+ 52. Kg1 Qc5+ 53.
Ref2 f5 54. Kh1 Qd5+ 55. Kg1 Qd4 56. Re1 Kh6 57. Kf1 Qd3+ 58. Ree2 Qd1+ 59. Re1 Qd5 60. Ke2 Qc4+ 61. Kd2 Qd4+ 62. Ke2 Kg7 63. Rd1 Qe4+ 64. Kf1 Qh1+ 65. Ke2 Qe4+ 66. Kf1 Qh1+ 67. Ke2 Qe4+ 1/2-1/2